PBL
OAKLAND ATHLETICS @ MINNESOTA TWINS
06/14/2071
 
TOP OF THE 1ST
Oakland Athletics batting - Pitching for Minnesota Twins : LHP Jake Meacha
Pitching: LHP Jake Meacha
Batting: RHB Pablo Ayala 0-0: Foul Ball, location: 2F
0-1: Called Strike
0-2: Ball
1-2: Strikes out swinging
Batting: RHB Ed Burch 0-0: Reached on error, E3 (Groundball, 3, EV 83.8 MPH)
Batting: LHB Félix Castillo 0-0: Foul Ball, location: 5SF
0-1: Ball
1-1: Swinging Strike
1-2: Foul Ball, location: 7LDF
1-2: Ball
2-2: Fielders Choice at 2nd, 5-4 (Groundball, 56, EV 103.1 MPH)
Batting: SHB Steve Howard 0-0: Foul Ball, location: 9LMF
0-1: Called Strike
0-2: Strikes out swinging
Top of the 1st over - 0 runs, 0 hits, 1 error, 1 left on base; Oakland 0 - Minnesota 0
BOTTOM OF THE 1ST
Minnesota Twins batting - Pitching for Oakland Athletics : RHP Ricardo Rodríguez
Pitching: RHP Ricardo Rodríguez
Batting: LHB Leandro Vargo 0-0: Foul Ball, location: 2F
0-1: Swinging Strike
0-2: Foul Ball, location: 23FF
0-2: Ball
1-2: Foul Ball, location: 5FF
1-2: DOUBLE (Flyball, 8RXD, EV 93.8 MPH)
Batting: RHB Jamal Cervantes 0-0: Ball
1-0: Foul Ball, location: 3DF
1-1: Ball
2-1: Ball
3-1: Base on Balls
Batting: LHB Geoffrey Foster 0-0: Called Strike
0-1: Foul Ball, location: 9LMF
0-2: Ball
1-2: Foul Ball, location: 7LSF
1-2: Ball
2-2: Fielders Choice at 2nd, 3-6 (Groundball, 3S, EV 79.4 MPH)
Leandro Vargo to third
Batting: RHB Rafael Negrete 0-0: Swinging Strike
0-1: Called Strike
0-2: Ball
1-2: Strikes out looking
Batting: LHB Raúl Rodríguez 0-0: Swinging Strike
0-1: Called Strike
0-2: Fly out, F5 (Popup, 25, EV 83.8 MPH)
Bottom of the 1st over - 0 runs, 1 hit, 0 errors, 2 left on base; Oakland 0 - Minnesota 0
TOP OF THE 2ND
Oakland Athletics batting - Pitching for Minnesota Twins : LHP Jake Meacha
Batting: LHB Pablo Gonzáles 0-0: Ball
1-0: Called Strike
1-1: Ball
2-1: SINGLE (Line Drive, 78M, EV 85.0 MPH)
Batting: LHB Roger McElroy 0-0: Bunted foul
0-1: Ball
Wild Pitch!
Pablo Gonzáles to second
1-1: Swinging Strike
1-2: Strikes out swinging
Batting: LHB José Pelingo 0-0: Ball
1-0: Ball
2-0: Called Strike
2-1: Fly out, F9 (Flyball, 89S, EV 95.0 MPH)
Batting: RHB Tom Yarbrough 0-0: SINGLE (Line Drive, 4M, EV 95.0 MPH)
Pablo Gonzáles to third
Runner from 3rd tries for Home, SAFE, throw by CF to home
Batting: RHB Clarence Jones 0-0: Ball
1-0: Swinging Strike
1-1: Called Strike
1-2: Ball
2-2: Foul Ball, location: 25F
2-2: Strikes out swinging
Top of the 2nd over - 1 run, 2 hits, 0 errors, 1 left on base; Oakland 1 - Minnesota 0
BOTTOM OF THE 2ND
Minnesota Twins batting - Pitching for Oakland Athletics : RHP Ricardo Rodríguez
Batting: RHB Ronald Livingston 0-0: Called Strike
0-1: Foul Ball, location: 9LMF
0-2: Ball
1-2: Foul Ball, location: 25FF
1-2: Ball
2-2: Ball
3-2: Strikes out swinging, 2-3 out at first.
Batting: LHB Ignacio Chávez 0-0: SOLO HOME RUN (Flyball, 89XD, EV 101.3 MPH), Distance : 414 ft
Batting: RHB Rafael Lorenzo 0-0: Swinging Strike
0-1: Ball
1-1: Ground out 6-3 (Groundball, 6, EV 91.9 MPH)
Batting: RHB Michael Crouss 0-0: Foul Ball, location: 23FF
0-1: Ball
1-1: Ball
2-1: DOUBLE (Line Drive, 89M, EV 103.8 MPH)
Batting: LHB Leandro Vargo 0-0: Foul Ball, location: 5F
0-1: Ball
1-1: Foul Ball, location: 9LMF
1-2: Strikes out swinging
Bottom of the 2nd over - 1 run, 2 hits, 0 errors, 1 left on base; Oakland 1 - Minnesota 1
TOP OF THE 3RD
Oakland Athletics batting - Pitching for Minnesota Twins : LHP Jake Meacha
Batting: RHB Pablo Ayala 0-0: Fly out, F9 (Flyball, 9LM, EV 95.6 MPH)
Batting: RHB Ed Burch 0-0: Ground out 6-3 (Groundball, 6MD, EV 112.5 MPH)
Batting: LHB Félix Castillo 0-0: Called Strike
0-1: Foul Ball, location: 5F
0-2: Foul Ball, location: 23FF
0-2: Ball
1-2: Ball
2-2: Strikes out swinging
Top of the 3rd over - 0 runs, 0 hits, 0 errors, 0 left on base; Oakland 1 - Minnesota 1
BOTTOM OF THE 3RD
Minnesota Twins batting - Pitching for Oakland Athletics : RHP Ricardo Rodríguez
Batting: RHB Jamal Cervantes 0-0: Ball
1-0: SOLO HOME RUN (Flyball, 7D, EV 97.5 MPH), Distance : 364 ft
Batting: LHB Geoffrey Foster 0-0: Ball
1-0: Ball
2-0: Called Strike
2-1: Ball
3-1: Called Strike
3-2: SOLO HOME RUN (Flyball, 9D, EV 113.1 MPH), Distance : 431 ft
Batting: RHB Rafael Negrete 0-0: Ball
1-0: Fly out, F8 (Flyball, 8LD, EV 105.6 MPH)
Batting: LHB Raúl Rodríguez 0-0: Foul Ball, location: 2F
0-1: Ball
1-1: Ball
2-1: Foul Ball, location: 7LMF
2-2: Fly out, F8 (Flyball, 78D, EV 94.4 MPH)
Batting: RHB Ronald Livingston 0-0: Foul Ball, location: 2F
0-1: Ball
1-1: Fly out, F8 (Flyball, 8LM, EV 94.4 MPH)
Bottom of the 3rd over - 2 runs, 2 hits, 0 errors, 0 left on base; Oakland 1 - Minnesota 3
TOP OF THE 4TH
Oakland Athletics batting - Pitching for Minnesota Twins : LHP Jake Meacha
Batting: SHB Steve Howard 0-0: Ground out 6-3 (Groundball, 6M, EV 104.4 MPH)
Batting: LHB Pablo Gonzáles 0-0: Called Strike
0-1: Ball
1-1: Ball
2-1: SINGLE (Line Drive, 8RS, EV 86.9 MPH)
Batting: LHB Roger McElroy 0-0: Ball
1-0: Ground out 4-3 (Groundball, 4S, EV 63.8 MPH)
Pablo Gonzáles to second
Batting: LHB José Pelingo 0-0: Called Strike
0-1: Ball
1-1: Swinging Strike
1-2: Ground out 4-3 (Groundball, 4, EV 103.1 MPH)
Top of the 4th over - 0 runs, 1 hit, 0 errors, 1 left on base; Oakland 1 - Minnesota 3
BOTTOM OF THE 4TH
Minnesota Twins batting - Pitching for Oakland Athletics : RHP Ricardo Rodríguez
Batting: LHB Ignacio Chávez 0-0: Foul Ball, location: 7LDF
0-1: Ball
1-1: Swinging Strike
1-2: Foul Ball, location: 7LMF
1-2: Ball
2-2: Foul Ball, location: 3F
2-2: Ball
3-2: Fly out, F7 (Flyball, 7S, EV 78.1 MPH)
Batting: RHB Rafael Lorenzo 0-0: Called Strike
0-1: Ball
1-1: Ball
2-1: Foul Ball, location: 2F
2-2: DOUBLE (Flyball, 8LD, EV 95.6 MPH)
Batting: RHB Michael Crouss 0-0: Ball
1-0: Foul Ball, location: 2F
1-1: Foul Ball, location: 9LMF
1-2: Ball
2-2: 2-RUN HOME RUN (Flyball, 9D, EV 101.3 MPH), Distance : 393 ft
Batting: LHB Leandro Vargo 0-0: Ball
1-0: Ball
2-0: Ball
3-0: Called Strike
3-1: Called Strike
3-2: Fly out, F3 (Popup, 3SF, EV 65.0 MPH)
Batting: RHB Jamal Cervantes 0-0: Ground out 6-3 (Groundball, 6, EV 101.3 MPH)
Bottom of the 4th over - 2 runs, 2 hits, 0 errors, 0 left on base; Oakland 1 - Minnesota 5
TOP OF THE 5TH
Oakland Athletics batting - Pitching for Minnesota Twins : LHP Jake Meacha
Batting: RHB Tom Yarbrough 0-0: Foul Ball, location: 3SF
0-1: Fly out, F8 (Flyball, 89D, EV 106.3 MPH)
Batting: RHB Clarence Jones 0-0: Ball
1-0: Ground out 6-3 (Groundball, 6, EV 86.3 MPH)
Batting: RHB Pablo Ayala 0-0: Ball
1-0: Ball
2-0: Foul Ball, location: 2F
2-1: Ball
3-1: Foul Ball, location: 9LMF
3-2: Foul Ball, location: 7LDF
3-2: Strikes out swinging
Top of the 5th over - 0 runs, 0 hits, 0 errors, 0 left on base; Oakland 1 - Minnesota 5
BOTTOM OF THE 5TH
Minnesota Twins batting - Pitching for Oakland Athletics : RHP Ricardo Rodríguez
Batting: LHB Geoffrey Foster 0-0: Foul Ball, location: 2F
0-1: Ball
1-1: Ball
2-1: Called Strike
2-2: Foul Ball, location: 2F
2-2: DOUBLE (Flyball, 8LXD, EV 99.4 MPH) - OUT at third base trying to stretch hit.
Batting: RHB Rafael Negrete 0-0: Called Strike
0-1: Called Strike
0-2: Strikes out swinging
Batting: LHB Raúl Rodríguez 0-0: Ball
1-0: Ball
2-0: Foul Ball, location: 2F
2-1: Fly out, F7 (Flyball, 7D, EV 110.0 MPH)
Bottom of the 5th over - 0 runs, 1 hit, 0 errors, 0 left on base; Oakland 1 - Minnesota 5
TOP OF THE 6TH
Oakland Athletics batting - Pitching for Minnesota Twins : LHP Jake Meacha
Batting: RHB Ed Burch 0-0: Ball
1-0: Foul Ball, location: 2F
1-1: Ball
2-1: Fly out, F9 (Flyball, 9, EV 83.8 MPH)
Batting: LHB Félix Castillo 0-0: Ball
1-0: Fly out, F7 (Flyball, 78D, EV 83.8 MPH)
Batting: SHB Steve Howard 0-0: Called Strike
0-1: Called Strike
0-2: Ball
1-2: Ball
2-2: Ball
3-2: SINGLE (Line Drive, 78S, EV 106.3 MPH)
Batting: LHB Pablo Gonzáles 0-0: Ball
1-0: Ball
2-0: Ground out 6-3 (Groundball, 6S, EV 87.5 MPH)
Top of the 6th over - 0 runs, 1 hit, 0 errors, 1 left on base; Oakland 1 - Minnesota 5
BOTTOM OF THE 6TH
Minnesota Twins batting - Pitching for Oakland Athletics : RHP Ricardo Rodríguez
Pitching: RHP Ignacio Salazar
Batting: RHB Ronald Livingston 0-0: Foul Ball, location: 3FF
0-1: Ball
1-1: Foul Ball, location: 9LMFF
1-2: Strikes out swinging
Batting: LHB Ignacio Chávez 0-0: Called Strike
0-1: Called Strike
0-2: Foul Ball, location: 9LDF
0-2: Strikes out swinging
Batting: RHB Rafael Lorenzo 0-0: Called Strike
0-1: Called Strike
0-2: Foul Ball, location: 5FF
0-2: Strikes out swinging
Bottom of the 6th over - 0 runs, 0 hits, 0 errors, 0 left on base; Oakland 1 - Minnesota 5
TOP OF THE 7TH
Oakland Athletics batting - Pitching for Minnesota Twins : LHP Jake Meacha
Batting: LHB Roger McElroy 0-0: Called Strike
0-1: Ball
1-1: Ball
2-1: Foul Ball, location: 2F
2-2: Fly out, F9 (Flyball, 9, EV 91.9 MPH)
Batting: LHB José Pelingo 0-0: Called Strike
0-1: Foul Ball, location: 23F
0-2: Ball
1-2: SINGLE (Line Drive, 5D, EV 100.0 MPH)
Batting: RHB Tom Yarbrough 0-0: Ball
1-0: Swinging Strike
1-1: Foul Ball, location: 25F
1-2: Strikes out looking
Batting: RHB Clarence Jones 0-0: Ground out U3 (Groundball, 3, EV 80.0 MPH)
Top of the 7th over - 0 runs, 1 hit, 0 errors, 1 left on base; Oakland 1 - Minnesota 5
BOTTOM OF THE 7TH
Minnesota Twins batting - Pitching for Oakland Athletics : RHP Ignacio Salazar
Batting: RHB Michael Crouss 0-0: Called Strike
0-1: Ball
1-1: Ground out 4-3 (Groundball, 34, EV 82.5 MPH)
Batting: LHB Leandro Vargo 0-0: Called Strike
0-1: Foul Ball, location: 2F
0-2: Ball
1-2: Ball
2-2: Foul Ball, location: 2RF
2-2: Fly out, F9 (Flyball, 9, EV 83.8 MPH)
Batting: RHB Jamal Cervantes 0-0: Ball
1-0: Swinging Strike
1-1: Foul Ball, location: 2F
1-2: Ball
2-2: Ball
3-2: Foul Ball, location: 3F
3-2: SINGLE (Line Drive, 7LM, EV 105.6 MPH)
Batting: LHB Geoffrey Foster 0-0: Ball
1-0: Called Strike
1-1: Foul Ball, location: 2F
1-2: Strikes out swinging
Bottom of the 7th over - 0 runs, 1 hit, 0 errors, 1 left on base; Oakland 1 - Minnesota 5
TOP OF THE 8TH
Oakland Athletics batting - Pitching for Minnesota Twins : LHP Jake Meacha
Batting: RHB Pablo Ayala 0-0: Swinging Strike
0-1: Swinging Strike
0-2: Strikes out swinging
Pitching: RHP Feltse Boon
Batting: RHB Ed Burch 0-0: Ball
1-0: Ball
2-0: Called Strike
2-1: SINGLE (Groundball, 34D, EV 103.8 MPH)
Batting: LHB Félix Castillo 0-0: Called Strike
0-1: SINGLE (Line Drive, 89M, EV 90.0 MPH)
Ed Burch to second
Batting: SHB Steve Howard 0-0: Called Strike
0-1: Ball
1-1: Called Strike
1-2: Ball
2-2: Ball
3-2: Reached on error, E8 (Flyball, 8LM, EV 98.8 MPH)
Ed Burch to third
Félix Castillo to second
Batting: LHB Pablo Gonzáles 0-0: Called Strike
0-1: Foul Ball, location: 5FF
0-2: Strikes out swinging
Batting: LHB Roger McElroy 0-0: Foul Ball, location: 2F
0-1: Hit by Pitch
Ed Burch scores
Félix Castillo to third
Steve Howard to second
Batting: LHB José Pelingo 0-0: Fly out, F7 (Flyball, 78S, EV 94.4 MPH)
Top of the 8th over - 1 run, 2 hits, 1 error, 3 left on base; Oakland 2 - Minnesota 5
BOTTOM OF THE 8TH
Minnesota Twins batting - Pitching for Oakland Athletics : RHP Ignacio Salazar
Pitching: LHP Spike Brown
Batting: RHB Rafael Negrete 0-0: Ball
1-0: Ball
2-0: Fly out, F7 (Flyball, 78S, EV 74.4 MPH)
Batting: LHB Raúl Rodríguez 0-0: Called Strike
0-1: Called Strike
0-2: Fly out, F8 (Flyball, 8LD, EV 85.0 MPH)
Batting: RHB Ronald Livingston 0-0: Swinging Strike
0-1: Ball
1-1: SINGLE (Groundball, 6MD, EV 95.0 MPH)
Batting: LHB Ignacio Chávez 0-0: Ball
1-0: SINGLE (Line Drive, 89S, EV 110.0 MPH)
Ronald Livingston to second
Runner from 2nd tries for 3rd, SAFE, no throw by RF
Batting: RHB Rafael Lorenzo 0-0: Foul Ball, location: 5FF
0-1: Ball
1-1: Called Strike
1-2: Foul Ball, location: 2F
1-2: Foul Ball, location: 25F
1-2: Ball
2-2: Foul Ball, location: 5F
2-2: Ball
3-2: Ground out 5-3 (Groundball, 56, EV 110.0 MPH)
Bottom of the 8th over - 0 runs, 2 hits, 0 errors, 2 left on base; Oakland 2 - Minnesota 5
TOP OF THE 9TH
Oakland Athletics batting - Pitching for Minnesota Twins : RHP Feltse Boon
Pitching: RHP Víctor Ortega
Now at 3B: Britt Clark
Pinch Hitting: LHB Eric Dodd 0-0: Ground out 4-3 (Groundball, 34D, EV 94.4 MPH)
Batting: RHB Clarence Jones 0-0: Called Strike
0-1: Ball
1-1: Called Strike
1-2: Strikes out swinging
Batting: RHB Pablo Ayala 0-0: Ball
1-0: Ball
2-0: Ball
3-0: Base on Balls
Batting: RHB Ed Burch 0-0: Fielders Choice at 2nd, 5-4 (Groundball, 5L, EV 84.4 MPH)
Top of the 9th over - 0 runs, 0 hits, 0 errors, 1 left on base; Oakland 2 - Minnesota 5
Monday, April 22nd , 2024 - OOTP Baseball 24.10 Build 82